 Dungeon Crawl Stone Soup version 0.29-a0-317-gd16b76e6b1 (webtiles) character file.

Game seed: 4271695598210580650

23 Morbidden the Firebug (level 2, 0/20 HPs)
             Began as a Demigod Fire Elementalist on Apr 1, 2022.
             Slain by a jackal (2 damage)
             ... on level 1 of the Dungeon.
             The game lasted 00:01:39 (1164 turns).

Morbidden the Firebug (Demigod Fire Elementalist)   Turns: 1164, Time: 00:01:39

Health: 0/20       AC:  2    Str:  9    XL:     2   Next: 57%
Magic:  0/7        EV: 12    Int: 17    God:
Gold:   57         SH:  0    Dex: 14    Spells: 1/4 levels left

rFire   . . .      SeeInvis .   (no weapon)
rCold   + . .      Faith    .   (no shield)
rNeg    . . .      Spirit   .   a - +0 robe
rPois   .          Reflect  .   (no helmet)
rElec   .          Harm     .   (no cloak)
rCorr   .          Rampage  .   (no gloves)
Will    .....                   (no boots)
Stlth   ++........              (no amulet)
HPRegen 0.06/turn               h - ring of protection from cold
MPRegen 0.10/turn               (no ring)

@: no status effects
A: high MP 1, forlorn, divine attributes
a: no special abilities


You were on level 1 of the Dungeon.
You visited 1 branch of the dungeon, and saw 1 of its levels.

You collected 57 gold pieces.

Inventory:

Missiles
 c - 3 boomerangs
Armour
 a - a +0 robe (worn)
Jewellery
 h - a ring of protection from cold (left hand)
Scrolls
 e - 2 scrolls of identify {unknown}
 f - a scroll of teleportation {unknown}
Potions
 b - a potion of magic
 d - a potion of might {unknown}
 g - a potion of mutation {unknown}


   Skills:
 * Level 0.2 Fighting
 * Level 2.2 Dodging
 + Level 1.8 Stealth
 * Level 1.9 Spellcasting
 * Level 1.0 Conjurations
 * Level 3.1 Fire Magic


You had one spell level left.
You knew the following spells:

 Your Spells              Type           Power      Damage    Failure   Level
a - Scorch                Fire           24%        2d6       9%          2
z - Foxfire               Conj/Fire      32%        2x1d5     9%          1

Your spell library contained the following spells:

 Spells                   Type           Power      Damage    Failure   Level
 Conjure Flame            Conj/Fire      8%         6-21      24%         3
 Inner Flame              Hex/Fire       7%         N/A       30%         3
 Flame Wave               Conj/Fire      8%         2d5       63%         4


Dungeon Overview and Level Annotations

Branches:
Dungeon (1/15)


Innate Abilities, Weirdness & Mutations

You have an increased reservoir of magic. (+10% MP)
You shall have no god before yourself.
Your divine heritage dramatically boosts your attributes as you level up.


Message History

You miscast Foxfire.
You are very lightly contaminated with residual magic.
Nothing appears to happen.
The jackal bites you but does no damage.
Unknown command.
The jackal attacks as you move away! The jackal barely misses you.
The jackal bites you.
Unknown command.
The jackal attacks as you move away! The jackal barely misses you. x2
The jackal bites you. The jackal attacks as you move away!
The jackal bites you.
Casting: Foxfire (safe; 9% risk of failure)
Confirm with . or Enter, or press ? or * to list all spells.
You don't have enough magic to cast this spell.
Unknown command.
The jackal barely misses you. The jackal attacks as you move away!
The jackal closely misses you.
Your magical contamination has completely faded away.
Things that are here:
a +0 club; a gnoll corpse The jackal bites you.
* * * LOW HITPOINT WARNING * * *
The jackal attacks as you move away! The jackal bites you.
* * * LOW HITPOINT WARNING * * *
Casting: Foxfire (safe; 9% risk of failure)
Confirm with . or Enter, or press ? or * to list all spells.
You conjure some foxfire!
The foxfire hits the jackal.
The jackal is heavily wounded.
The jackal bites you but does no damage.
Unknown command.
Unknown command.
Unknown command.
The foxfire hits the jackal.
You kill the jackal!
Unknown command.
The jackal closely misses you. The jackal attacks as you move away!
The jackal bites you.
* * * LOW HITPOINT WARNING * * *
You hit the jackal but do no damage. The jackal bites you.
You die...

###....##
#.#.######
#.#......#
#.#.####.#
######..)...#.#
............##.#.#
#...#######.##.#.#
######...#
#####......#
...#....#
#.@h....)###
#......###.###.####
#.........#.##.#
.######...###.###.#
..........).......#
#######.###########
#.# #.# #.#


You could see a jackal.

Vanquished Creatures
  A gnoll (D:1)
  A giant cockroach (D:1)
  4 goblins (D:1)
  2 jackals (D:1)
  A kobold (D:1)
  2 ball pythons (D:1)
  2 bats (D:1)
  A frilled lizard (D:1)
  A rat (D:1)
15 creatures vanquished.

Vanquished Creatures (others)
  46 foxfires (D:1)
46 creatures vanquished.

Grand Total: 61 creatures vanquished

Notes
Turn   | Place    | Note
-------+----------+-------------------------------------------
     0 | D:1      | Morbidden the Demigod Fire Elementalist began the quest for
                  | the Orb.
     0 | D:1      | Reached XP level 1. HP: 14/14 MP: 5/5
   943 | D:1      | Reached skill level 1 in Conjurations
   943 | D:1      | Reached skill level 3 in Fire Magic
   943 | D:1      | Reached XP level 2. HP: 11/20 MP: 0/7
  1007 | D:1      | Learned a level 2 spell: Scorch
  1164 | D:1      | Slain by a jackal

Illustrated notes

Levels and vault maps discovered:
D:1:      psy_arrival_dodecagon, layout_loops_corners

Skill      XL: |  1 |
---------------+----+-----
Dodging        | 2 |  2.2
Conjurations   | 1 |  1.0
Fire Magic     | 3 |  3.1
Fighting       | |  0.2
Stealth        | |  1.8
Spellcasting   | |  1.9

Action                   || total
-------------------------++-------
Melee: Unarmed           ||    31
       Punch             ||     1
 Cast: Foxfire           ||    35
       Scorch            ||     3
Armor: Robe              ||    19
Dodge: Dodged            ||    49

Table legend: (Time is in decaauts)
 A = Elapsed time spent in this place.
 B = Non-inter-level travel time spent in this place.
 C = Inter-level travel time spent in this place.
 D = Time resting spent in this place.
 E = Time spent auto-exploring this place.
 F = Levels seen in this place.
 G = Mean time per level.
                   A        B        C        D        E       F      G
               +--------+--------+--------+--------+--------+-----+--------+
         Total |   1163 |   1163 |      0 |    372 |    614 |   1 | 1163.0 |
       Dungeon |   1163 |   1163 |      0 |    372 |    614 |   1 | 1163.0 |
               +--------+--------+--------+--------+--------+-----+--------+

Top non-repeatable levels by time:
     D:1: 1163 daAuts
